 Dungeon Crawl Stone Soup version 0.22.1-1-ga44c0e5 (webtiles) character file.

303 tifemel the Covered (level 6, -4/56 HPs)
             Began as a Minotaur Fighter on Sept 30, 2018.
             Slain by a gnoll
             ... wielding a +0 halberd
              (9 damage)
             ... on level 2 of the Dungeon.
             The game lasted 00:06:38 (2815 turns).

tifemel the Covered (Minotaur Fighter)              Turns: 2815, Time: 00:06:39

Health: -4/56      AC:  7    Str: 23    XL:     6   Next: 15%
Magic:  0/5        EV:  9    Int:  5    God:
Gold:   80         SH:  0    Dex:  9    Spells: 5/5 levels left

rFire    . . .     SeeInvis .   a - +0 war axe
rCold    . . .     Gourm    .   (no shield)
rNeg     . . .     Faith    .   b - +0 scale mail
rPois    .         Spirit   +   (helmet restricted)
rElec    .         Reflect  .   o - scarf {Spirit}
rCorr    .         Harm     .   (no gloves)
MR       .....                  (no boots)
Stlth    ..........             (no amulet)
HPRegen  0.18/turn              (no ring)
MPRegen  0.09/turn              (no ring)

@: drained
A: retaliatory headbutt, horns 2
a: no special abilities


You were on level 2 of the Dungeon.
You were not hungry.

You visited 1 branch of the dungeon, and saw 3 of its levels.

You collected 80 gold pieces.

Inventory:

Hand Weapons
 a - a +0 war axe (weapon)
 x - a +0 battleaxe
Missiles
 r - 19 arrows
Armour
 b - a +0 scale mail (worn)
 c - a +0 shield
 l - a +0 cloak
 o - a scarf of spirit shield (worn)
Jewellery
 t - an uncursed amulet of rage {unknown}
Wands
 u - a wand of random effects (16)
 y - a wand of iceblast (8)
Scrolls
 g - a scroll of remove curse {unknown}
 i - 4 scrolls of identify {unknown}
 j - 2 scrolls of blinking {unknown}
 k - a scroll of magic mapping {unknown}
 m - 2 scrolls of immolation {unknown}
 p - a scroll of fog {unknown}
 q - 2 scrolls of teleportation {unknown}
 w - 2 scrolls of random uselessness {unknown}
Potions
 d - a potion of might
 e - 2 potions of haste {unknown}
 h - a potion of brilliance {unknown}
 n - a potion of heal wounds {unknown}
 s - a potion of ambrosia {unknown}
 v - a potion of resistance {unknown}


   Skills:
 + Level 5.6(4.4) Fighting
 + Level 4.9(3.7) Axes
 + Level 5.6(4.5) Armour
 - Level 3.6(2.5) Shields


You had 5 spell levels left.
You didn't know any spells.
Your spell library was empty.

Dungeon Overview and Level Annotations

Branches:
Dungeon (3/15)

Altars:
Xom


Innate Abilities, Weirdness & Mutations

You reflexively headbutt those who attack you in melee.
You have a pair of horns on your head.


Message History

You climb downwards.
The gnoll hits you with a halberd! The gnoll hits you but does no damage.
The gnoll closely misses you. You furiously retaliate!
You headbutt the gnoll.
There is a stone staircase leading up, spattered with blood here.
You hit the gnoll but do no damage.
The gnoll is moderately wounded.
You hit the gnoll. The gnoll hits you but does no damage.
The gnoll hits you with a halberd. The gnoll hits you with a halberd.
The gnoll barely misses you.
You climb upwards.
There is a stone staircase leading down here.
The gnoll hits you from afar with a halberd.
The gnoll hits you from afar with a halberd!
The gnoll hits you with a halberd.
You closely miss the gnoll.
The gnoll is heavily wounded.
You closely miss the gnoll. The gnoll hits you with a halberd!
* * * LOW HITPOINT WARNING * * *
The gnoll closely misses you. The gnoll hits you with a halberd!
You die...

#.....# #.....#
########.....##
.......'.....<#
########.....##
##############
#..........#
#).........#
##########..)...@...#
........(((....)gg..#
##.#######..........#
##..# #..........#
....# ############
##..# #...# #..#
#...#
#..##########...#
#...............#


You could see 2 gnolls.

Vanquished Creatures
  Sigmund (D:3)
  A bullfrog (D:3)
  2 gnolls
  3 worms (D:2)
  2 dart slugs (D:1)
  2 leopard geckos
  7 bats
  2 giant cockroaches
  5 goblins
  10 hobgoblins
  8 kobolds
  A quokka (D:3)
  4 frilled lizards
  5 rats
53 creatures vanquished.

Notes
Turn   | Place    | Note
-------+----------+-------------------------------------------
     0 | D:1      | tifemel the Minotaur Fighter began the quest for the Orb.
     0 | D:1      | Reached XP level 1. HP: 19/19 MP: 0/0
    73 | D:1      | Reached XP level 2. HP: 27/27 MP: 1/1
   558 | D:1      | Reached XP level 3. HP: 20/33 MP: 0/2
  1037 | D:2      | Found a shimmering altar of Xom.
  1524 | D:3      | Noticed Sigmund
  2026 | D:3      | Killed Sigmund
  2026 | D:3      | Reached skill level 5 in Fighting
  2026 | D:3      | Reached skill level 5 in Armour
  2026 | D:3      | Reached XP level 4. HP: 18/42 MP: 1/3
  2026 | D:3      | Reached XP level 5. HP: 21/48 MP: 1/4
  2363 | D:3      | Reached XP level 6. HP: 43/56 MP: 3/5
  2815 | D:2      | Slain by a gnoll

Skill      XL: |  1  2  3 |
---------------+----------+-----
Fighting       | 4 5 |  5.6
Axes           | 3 4 |  4.9
Armour         | 4 5 |  5.6
Shields        | |  3.6

Action                   |  1- 3 |  4- 6 || total
-------------------------+-------+-------++-------
Melee: War axe           |    96 |    32 ||   128
       Headbutt          |    16 |     4 ||    20
  Eat: Ration            |     1 |     1 ||     2
       Chunk             |     1 |       ||     1
Armor: Scale mail        |    50 |    11 ||    61
Dodge: Dodged            |    40 |    32 ||    72
